 Dungeon Crawl Stone Soup version 0.27.0-1-g7a089689b8 (webtiles) character file.

Game seed: 8621772593420075879

203 trckry the Skirmisher (level 5, -1/54 HPs)
             Began as an Ogre Warper on Aug 11, 2021.
             Was a Believer of Fedhas.
             Slain by a water moccasin (5 damage)
             ... on level 4 of the Dungeon.
             The game lasted 00:12:26 (4237 turns).

trckry the Skirmisher (Ogre Warper)                 Turns: 4237, Time: 00:12:26

Health: -1/54      AC:  7    Str: 15    XL:     5   Next: 81%
Magic:  9/9        EV:  9    Int: 15    God:    Fedhas [**....]
Gold:   183        SH:  0    Dex:  8    Spells: 10/10 levels left

rFire    . . .     SeeInvis .   a - +0 flail
rCold    . . .     Faith    .   (no shield)
rNeg     . . .     Spirit   .   n - +0 robe
rPois    .         Reflect  .   (helmet restricted)
rElec    .         Harm     .   (no cloak)
rCorr    .         Rampage  .   (gloves unavailable)
Will     .....                  (boots unavailable)
Stlth    +.........             (no amulet)
HPRegen  0.18/turn              m - +4 ring of protection
MPRegen  0.11/turn              (no ring)

@: confused, lethally poisoned (-1 -> -14), ambrosia-drunk
A: large, unfitting armour, tough skin 1
a: Renounce Religion, Wall of Briars


You were on level 4 of the Dungeon.
You worshipped Fedhas.
Fedhas was pleased with you.
You visited 1 branch of the dungeon, and saw 4 of its levels.

You collected 183 gold pieces.

Inventory:

Hand Weapons
 a - a +0 flail (weapon)
 b - a +0 short sword of venom
Missiles
 p - 3 javelins (quivered)
Armour
 n - a +0 robe (worn)
Jewellery
 m - a +4 ring of protection (left hand)
Scrolls
 c - a scroll of blinking
 e - 6 scrolls of identify {unknown}
 f - 2 scrolls of teleportation {unknown}
 g - a scroll of fog {unknown}
 i - a scroll of amnesia {unknown}
 l - a scroll of enchant armour {unknown}
 q - a scroll of enchant weapon {unknown}
Potions
 d - a potion of heal wounds {unknown}
 h - a potion of cancellation {unknown}
 o - a potion of flight {unknown}


   Skills:
 + Level 3.8 Fighting
 * Level 3.1 Maces & Flails
 + Level 2.2 Throwing
 - Level 2.1 Dodging
 + Level 3.2 Spellcasting
 * Level 3.8 Translocations


You had 10 spell levels left.
You didn't know any spells.
Your spell library contained the following spells:

 Spells                   Type           Power      Damage    Failure   Level
 Blink                    Tloc           N/A        N/A       6%          2
 Gell's Gravitas          Tloc           6%         N/A       12%         3
 Lesser Beckoning         Tloc           6%         N/A       12%         3
 Teleport Other           Tloc           13%        N/A       12%         3
 Ignite Poison            Fire/Tmut/Pois 2%         N/A       52%         3
 Mephitic Cloud           Conj/Pois/Air  2%         N/A       52%         3
 Manifold Assault         Tloc           13%        N/A       75%         5
 Bolt of Magma            Conj/Fire/Erth 1%         4d4       99%         5


Dungeon Overview and Level Annotations

Branches:
Dungeon (4/15)
 Temple: D:4-7

Altars:
Fedhas
Gozag

Annotations:
D:2 1 runed translucent door, 1 exclusion, Sigmund


Innate Abilities, Weirdness & Mutations

You are too large for most types of armour.
You have tough skin. (AC +1)


Message History

The water moccasin is severely wounded.
You feel very sick. The water moccasin bites you.
* * * LOW HITPOINT WARNING * * *
You take 6 damage, and have 12/54 hp.
Press: ? - help, v - describe, . - travel
Here: a water moccasin (severely wounded)
The floor.
Unknown command.
Your +0 short sword of venom stops dripping with poison.
a - a +0 flail (weapon)
The water moccasin barely misses you.
You barely miss the water moccasin.
The water moccasin is severely wounded.
You feel sick. The water moccasin bites you.
* * * LOW HITPOINT WARNING * * *
The water moccasin bites you.
* * * LOW HITPOINT WARNING * * *
You take 7 damage, and have 5/54 hp.
It was a potion of ambrosia.
You are confused.
You feel invigorated.
You feel sick. The water moccasin bites you!
* * * LOW HITPOINT WARNING * * *
You take 3 damage, and have 2/54 hp.
It was a potion of curing.
You feel better.
You feel less invigorated. The water moccasin bites you.
* * * LOW HITPOINT WARNING * * *
The water moccasin bites you!
* * * LOW HITPOINT WARNING * * *
Okay, then.
You feel better. The water moccasin bites you.
* * * LOW HITPOINT WARNING * * *
You regained 5 hp, and now have 7/54 hp.
You are confused.
You feel invigorated. The water moccasin bites you!
* * * LOW HITPOINT WARNING * * *
You are lethally poisoned!
The water moccasin poisons you! The water moccasin bites you.
You die...
Fedhas appreciates your contribution to the ecosystem.

#################
#(gS@...........#
#(#############.#
#.# #.# #.# #)#
#S# #######.# ...
#.......# .....
#.####### ..
....... #.# #.. #
g........ #†#


You could see a water moccasin and a hobgoblin.

Vanquished Creatures
  A hornet zombie (D:4)
  3 adders
  A howler monkey skeleton (D:4)
  3 worms
  8 orcs
  4 endoplasms
  3 giant cockroaches
  4 goblins
  5 hobgoblins
  8 jackals
  A quokka (D:3)
  A ball python (D:3)
  4 bats
  4 frilled lizards
  4 kobolds
  A rat (D:3)
55 creatures vanquished.

Notes
Turn   | Place    | Note
-------+----------+-------------------------------------------
     0 | D:1      | trckry the Ogre Warper began the quest for the Orb.
     0 | D:1      | Reached XP level 1. HP: 22/22 MP: 3/3
   480 | D:1      | Reached XP level 2. HP: 26/29 MP: 3/5
   989 | D:1      | Found a faded altar of an unknown god.
   991 | D:1      | Became a worshipper of Fedhas Madash
   991 | D:1      | Reached * piety under Fedhas
  1327 | D:2      | Reached XP level 3. HP: 28/37 MP: 7/7
  1903 | D:2      | Found a runed translucent door.
  1948 | D:2      | Found a blossoming altar of Fedhas.
  2026 | D:2      | Noticed Sigmund
  2905 | D:3      | Reached XP level 4. HP: 45/45 MP: 8/8
  3007 | D:3      | Found an opulent altar of Gozag.
  3115 | D:3      | Reached ** piety under Fedhas
  3811 | D:4      | HP: 2/45 [hornet zombie (6)]
  3816 | D:4      | Reached XP level 5. HP: 4/54 MP: 9/9
  4213 | D:4      | Noticed a water moccasin
  4233 | D:4      | HP: 8/54 [water moccasin (3)]
  4234 | D:4      | HP: 2/54 [water moccasin (7)]
  4237 | D:4      | Slain by a water moccasin

Illustrated notes

Levels and vault maps discovered:
D:1:      ncdulo_halloftheorcs, layout_loops_ring,
          shapermc_ecumenical_altar_venn
D:2:      layout_basic, basic_altar, uniq_sigmund, uniq_crazy_yiuf_cottage
D:3:      layout_loops_cross, grunt_gozag_breadcrumbs
D:4:      layout_basic, uniq_duvessa

Skill      XL: |  1  2  3  4 |
---------------+-------------+-----
Maces & Flails | 2 3 |  3.1
Translocations | 3 |  3.8
Fighting       | 3 |  3.8
Spellcasting   | 3 |  3.2
Throwing       | 2 |  2.2
Dodging        | |  2.1

Action                   |  1- 3 |  4- 6 || total
-------------------------+-------+-------++-------
Melee: Mace              |   148 |    26 ||   174
       Flail             |       |    67 ||    67
       Short sword       |       |    10 ||    10
Throw: Boomerang         |     2 |     3 ||     5
       Javelin           |       |    10 ||    10
  Use: Potion            |       |     4 ||     4
Armor: Robe              |    69 |    54 ||   123
Dodge: Dodged            |    84 |    61 ||   145
